 Dungeon Crawl Stone Soup version 0.29.1-1-gd02db6906a (webtiles) character file.

Game seed: 5689135472636568196

2875 Tiocfaidh the Thaumaturge (level 9, -2/44 HPs)
             Began as a Spriggan Cinder Acolyte on Oct 3, 2022.
             Was a High Priest of Ignis.
             Shot with an arrow by a centaur (18 damage)
             ... on level 7 of the Dungeon.
             The game lasted 00:52:50 (11015 turns).

Tiocfaidh the Thaumaturge (SpCA)                   Turns: 11015, Time: 00:52:52

Health: -2/44      AC:  2    Str: 10    XL:     9   Next: 47%
Magic:  41/41      EV: 16    Int: 22    God:    Ignis [*****.]
Gold:   214        SH:  0    Dex: 12    Spells: 22/26 levels left

rFire   . . .      SeeInvis +   s - +7 sling of Asisorr {freeze, rElec rF- rN+ Int+2}
rCold   . . .      Faith    .   (no shield)
rNeg    + . .      Spirit   .   b - +0 robe
rPois   .          Reflect  .   (helmet restricted)
rElec   +          Harm     .   (no cloak)
rCorr   .          Rampage  .   (gloves unavailable)
Will    +....                   (boots unavailable)
Stlth   ++........              (no amulet)
HPRegen 0.14/turn               m - ring of magical power
MPRegen 0.27/turn               a - ring of Sipliuh {Fly MP+9 Dex+2}

@: flying, very quick
A: very small, no large weapons, unfitting armour, see invisible, speed 3
a: Renounce Religion, Fiery Armour, Foxfire Swarm, Rising Flame


You were on level 7 of the Dungeon.
You worshipped Ignis.
Ignis was extremely pleased with you.
You visited 1 branch of the dungeon, and saw 7 of its levels.

You collected 832 gold pieces.
You spent 618 gold pieces at shops.

Inventory:

Hand Weapons
 h - a +3 dagger of freezing
 s - the +7 sling of Asisorr (weapon) {freeze, rElec rF- rN+ Int+2}
   (You found it on level 5 of the Dungeon)

   Any ammunition fired from it freezes those it strikes, dealing additional
   cold damage.
   It can also slow down cold-blooded creatures.
   Int:       It affects your intelligence (+2).
   rF:        It makes you vulnerable to fire.
   rElec:     It insulates you from electricity.
   rN:        It protects you from negative energy.
Armour
 b - a +0 robe (worn)
Jewellery
 a - the ring of Sipliuh (right hand) {Fly MP+9 Dex+2}
   (You bought it in a shop on level 4 of the Dungeon)

   [ring of flight]

   Dex:       It affects your dexterity (+2).
   MP:        It affects your magic capacity (+9).
   Fly:       It grants you flight.
 m - a ring of magical power (left hand)
 r - a +4 ring of evasion
 u - the ring "Lium" {rC+ rCorr Str+2}
   (You took it off an orc priest on level 7 of the Dungeon)

   [ring of resist corrosion]

   Str:       It affects your strength (+2).
   rC:        It protects you from cold.
   rCorr:     It protects you from acid and corrosion.
Wands
 o - a wand of flame (6)
Scrolls
 c - a scroll of amnesia
 f - a scroll of fear
 i - 2 scrolls of poison
 k - a scroll of fog
 l - 2 scrolls of teleportation
 q - a scroll of magic mapping
Potions
 d - 3 potions of degeneration {unknown}
 e - 2 potions of curing {unknown}
 g - a potion of lignification {unknown}
 j - a potion of heal wounds {unknown}
 n - a potion of attraction {unknown}
 p - a potion of invisibility {unknown}
 t - a potion of flight {unknown}


   Skills:
 + Level 3.6 Fighting
 + Level 4.1 Short Blades
 + Level 6.1 Ranged Weapons
 + Level 2.3 Dodging
 + Level 2.6 Stealth
 + Level 9.3 Spellcasting
 + Level 6.4 Fire Magic


You had 22 spell levels left.
You knew the following spells:

 Your Spells              Type           Power      Damage    Failure   Level
a - Scorch                Fire           76%        2d8       1%          2
b - Blink                 Tloc           20%        N/A       10%         2

Your spell library contained the following spells:

 Spells                   Type           Power      Damage    Failure   Level
 Sandblast                Erth           20%        2d7       7%          1
 Passwall                 Tmut/Erth      8%         N/A       10%         2
 Sublimation of Blood     Necr           10%        N/A       10%         2
 Wereblood                Tmut           10%        N/A       10%         2
 Confusing Touch          Hex            10%        N/A       21%         3
 Lesser Beckoning         Tloc           10%        N/A       21%         3
 Stone Arrow              Conj/Erth      20%        3d8       21%         3
 Manifold Assault         Tloc           10%        N/A       88%         5
 Yara's Violent Unravell  Hex/Tmut       5%         3d4       88%         5
 Enfeeble                 Hex            5%         N/A       100%        7
 Summon Hydra             Summ           5%         N/A       100%        7


Dungeon Overview and Level Annotations

Branches:
Dungeon (7/15)             Temple (0/1) D:5

Altars:
Ru
Yredelemnul
Zin
The Shining One

Shops:
D:4 =*(*


Innate Abilities, Weirdness & Mutations

You are very small and have problems with some larger weapons.
You are too small for most types of armour.
You have supernaturally acute eyesight. (SInv)
You cover ground extremely quickly. (Speed+++)


Message History

Confirm with . or Enter, or press ? or * to list all spells.
Flames lash the water moccasin.
The water moccasin is burned terribly!
You kill the water moccasin!
You see here a water moccasin corpse.
Found a book of Geomancy.
Found 9 gold pieces.
You pick up a book of Geomancy and begin reading...
You add the spells Sandblast, Passwall and Stone Arrow to your library.
You now have 214 gold pieces (gained 9).
A centaur comes into view.
Fire: s) +7 sling of Asisorr {freeze, rElec rF- rN+ Int+2}
Press: ? - help, Q - select action, (/) - cycle Shift-Dir - straight line, f - centaur
Aim: a centaur (asleep, 98% to hit)
You shoot a sling bullet. The sling bullet hits the centaur.
The sling bullet freezes the centaur.
The centaur is moderately wounded.
The centaur wields a +3 shortbow.
The centaur shoots an arrow.
The arrow hits you.
Fire: s) +7 sling of Asisorr {freeze, rElec rF- rN+ Int+2}
Press: ? - help, Q - select action, (/) - cycle Shift-Dir - straight line, f/p - centaur
Aim: a centaur, wielding a +3 shortbow (moderately wounded, 76% to hit)
You shoot a sling bullet. The sling bullet hits the centaur!
The sling bullet freezes the centaur.
The centaur is severely wounded.
The centaur shoots an arrow.
The arrow hits you!
The centaur shoots an arrow.
The arrow hits you!
Fire: s) +7 sling of Asisorr {freeze, rElec rF- rN+ Int+2}
Press: ? - help, Q - select action, (/) - cycle Shift-Dir - straight line, f/p - centaur
Aim: a centaur, wielding a +3 shortbow (severely wounded, 76% to hit)
You shoot a sling bullet. The sling bullet hits the centaur.
The sling bullet freezes the centaur.
The centaur is almost dead.
The centaur shoots an arrow.
The arrow hits you.
Fire: s) +7 sling of Asisorr {freeze, rElec rF- rN+ Int+2}
Press: ? - help, Q - select action, (/) - cycle Shift-Dir - straight line, f/p - centaur
Aim: a centaur, wielding a +3 shortbow (almost dead, 76% to hit)
You shoot a sling bullet.
The sling bullet barely misses the centaur.
The centaur shoots an arrow.
The arrow hits you!!
You die...

#.## ##...
#.c.# ... ...
#.# #.# #@#
#.# #.###
######.#.##
#.........####
#.###........+
#.# #......###
#.# #......#
#.# #.###.##


You could see a centaur.

Vanquished Creatures
  A wyvern (D:7)
  A steam dragon (D:7)
  2 water moccasins (D:7)
  An ice beast (D:5)
  2 orc warriors (D:7)
  A sky beast (D:6)
  A black bear (D:6)
  A centaur (D:7)
  A phantom (D:6)
  A kobold brigand (D:6)
  5 scorpions
  3 bullfrogs
  5 wights (D:7)
  2 howler monkeys
  A jelly (D:6)
  2 hounds
  3 orc priests
  Terence (D:3)
  10 orc wizards
  An iguana (D:4)
  11 gnolls
  13 adders
  A shadow imp (D:5)
  3 white imps (D:6)
  A worm (D:4)
  The ghost of anonymouscript the Covered, a weakling MeFi (D:3)
  4 dart slugs
  32 orcs
  7 ball pythons
  8 bats
  5 endoplasms
  7 giant cockroaches
  12 goblins
  10 hobgoblins
  2 jackals (D:2)
  3 quokkas
  3 frilled lizards
  18 kobolds
  7 rats
193 creatures vanquished.

Vanquished Creatures (others)
  55 fungi (D:6)
55 creatures vanquished.

Grand Total: 248 creatures vanquished

Notes
Turn   | Place    | Note
-------+----------+-------------------------------------------
     0 | D:1      | Tiocfaidh the Spriggan Cinder Acolyte began the quest for
                  | the Orb.
     0 | D:1      | Reached XP level 1. HP: 11/11 MP: 3/3
   246 | D:1      | Reached XP level 2. HP: 9/16 MP: 5/5
   552 | D:1      | Learned a level 2 spell: Scorch
  1225 | D:1      | Reached XP level 3. HP: 16/19 MP: 6/6
  1930 | D:2      | Reached skill level 1 in Stealth
  2468 | D:2      | Reached skill level 2 in Spellcasting
  2636 | D:2      | Found a glowing silver altar of Zin.
  2683 | D:2      | Reached XP level 4. HP: 23/23 MP: 0/8
  2962 | D:2      | Noticed a scorpion
  3109 | D:2      | Killed a scorpion
  3110 | D:2      | Reached skill level 3 in Spellcasting
  3110 | D:2      | Reached XP level 5. HP: 20/28 MP: 0/10
  3410 | D:3      | Found a large runed translucent door.
  3411 | D:3      | Found a large runed translucent door.
  3412 | D:3      | Noticed anonymouscript's ghost (weakling MeFi)
  4082 | D:3      | Noticed Terence
  4087 | D:3      | Killed Terence
  4440 | D:3      | Killed anonymouscript's ghost
  4646 | D:4      | Found Weduss's Assorted Antiques.
  4679 | D:4      | Reached skill level 4 in Spellcasting
  4679 | D:4      | Reached XP level 6. HP: 21/32 MP: 1/13
  4796 | D:4      | Found Xugiar's Weapon Boutique.
  4819 | D:4      | Found Papyoc's General Store.
  5210 | D:4      | Found Deasch's Jewellery Shoppe.
  5576 | D:4      | You fall into a shaft and drop 3 floors!
  5627 | D:7      | Noticed an orc warrior
  5718 | D:7      | Reached skill level 1 in Dodging
  5718 | D:7      | Reached skill level 5 in Spellcasting
  5783 | D:7      | Reached XP level 7. HP: 8/36 MP: 10/16
  6052 | D:7      | Reached skill level 6 in Spellcasting
  6658 | D:6      | Reached skill level 1 in Ranged Weapons
  6658 | D:6      | Reached skill level 7 in Spellcasting
  6658 | D:6      | Reached skill level 5 in Fire Magic
  6676 | D:5      | Entered Level 5 of the Dungeon
  6725 | D:5      | Identified the +7 sling of Asisorr {freeze, rElec rF- rN+
                  | Int+2}
  6954 | D:4      | Reached XP level 8. HP: 21/40 MP: 20/20
  7284 | D:4      | Found a runed translucent door.
  7288 | D:4      | Found a basalt altar of Yredelemnul.
  7490 | D:4      | Bought the ring of Sipliuh {Fly MP+9 Dex+2} for 618 gold
                  | pieces
  7547 | D:4      | Learned a level 2 spell: Blink
  8134 | D:5      | Found a staircase to the Ecumenical Temple.
  9289 | D:6      | Found a sacrificial altar of Ru.
  9307 | D:6      | Found a glowing golden altar of the Shining One.
  9872 | D:6      | Reached skill level 8 in Spellcasting
 10271 | D:6      | Reached skill level 5 in Ranged Weapons
 10271 | D:6      | Reached XP level 9. HP: 40/44 MP: 22/22
 10629 | D:7      | Identified the ring "Lium" {rC+ rCorr Str+2}
 10667 | D:7      | Reached skill level 9 in Spellcasting
 11015 | D:7      | Shot with an arrow by a centaur

Illustrated notes

Levels and vault maps discovered:
D:1:      minmay_arrival_four_houses, layout_basic, serial_co_window_serial,
          co_window_cross_1, co_window_of_opportunity_a,
          co_window_of_opportunity_a, co_window_corner_a, co_window_paths_a,
          co_window_corner_a, co_window_corner_a, co_window_corner_a,
          co_window_corner_a, co_window_of_opportunity_c, co_window_corner_ca,
          co_window_unsneaky_path_e, co_window_paths_d, glass_columns_a,
          glass_columns_a, minmay_misc_feat_square
D:2:      minmay_wonky_spiral, layout_basic, basic_altar
D:3:      layout_basic, ebering_ghost_disaster_area, uniq_terence
D:4:      minmay_polygon_palace, layout_loops_ring, dk_yredelemnul_ordeal,
          serial_shops, shop, shop, nicolae_shop_trees,
          nicolae_shop_statue_plus, corexii_checkpoint_b
D:5:      layout_basic, minmay_temple_entry_slanted, nicolae_hexahallways
D:6:      layout_cave_pools, mainiacjoe_overflow_catch_the_wave
D:7:      layout_loops_corners, minmay_small_thing

Skill      XL: |  1  2  3  4  5  6  7  8  9 |
---------------+----------------------------+-----
Stealth        | 1 2 |  2.6
Fire Magic     | 3 4 5 6 |  6.4
Spellcasting   | 2 3 4 5 7 8 9 |  9.3
Fighting       | 3 |  3.6
Short Blades   | 4 |  4.1
Dodging        | 1 2 |  2.3
Ranged Weapons | 1 5 6 |  6.1

Action                   |  1- 3 |  4- 6 |  7- 9 || total
-------------------------+-------+-------+-------++-------
Melee: Short sword       |    85 |       |       ||    85
       Dagger            |    24 |    64 |       ||    88
       Punch             |     2 |     1 |       ||     3
 Fire: Sling             |       |     7 |   198 ||   205
 Cast: Scorch            |    19 |    66 |    96 ||   181
  Use: Scroll            |       |     4 |     5 ||     9
       Potion            |       |     1 |     1 ||     2
 Stab: Sleeping          |     1 |     1 |       ||     2
Armor: Robe              |    10 |     8 |     8 ||    26
Dodge: Dodged            |    68 |    58 |    61 ||   187
